 Dungeon Crawl Stone Soup version 0.28.0-1-gb440e238dd (webtiles) character file.

Game seed: 17778094319454921163

1232 Ablot the Grasshopper (level 8, -13/64 HPs)
             Began as a Gnoll Warper on Feb 22, 2022.
             Mangled by a wyvern zombie (20 damage)
             ... on level 5 of the Dungeon.
             The game lasted 00:08:11 (5960 turns).

Ablot the Grasshopper (Gnoll Warper)                Turns: 5960, Time: 00:08:12

Health: -13/64     AC: 10    Str: 12    XL:     8   Next: 48%
Magic:  17/17      EV: 13    Int: 15    God:
Gold:   169        SH:  0    Dex: 13    Spells: 17/19 levels left

rFire   . . .      SeeInvis .   u - +3 quarterstaff (chaos)
rCold   . . .      Faith    .   (shield currently unavailable)
rNeg    . . .      Spirit   .   b - +0 leather armour
rPois   .          Reflect  .   s - +2 helmet {Int+3}
rElec   .          Harm     .   j - +1 cloak
rCorr   .          Rampage  .   (no gloves)
Will    .....                   x - +0 pair of boots
Stlth   ++........              (no amulet)
HPRegen 0.20/turn               (no ring)
MPRegen 0.15/turn               (no ring)

@: no status effects
A: fangs 1, strong nose, distributed training
a: no special abilities


You were on level 5 of the Dungeon.
You visited 1 branch of the dungeon, and saw 5 of its levels.

You collected 169 gold pieces.

Inventory:

Hand Weapons
 a - a +0 spear
 r - a +3 vampiric dagger
 t - a +2 short sword of protection
 u - a +3 quarterstaff of chaos (weapon)
 F - a +1 mace of holy wrath
Missiles
 d - 5 boomerangs of dispersal
 e - 124 stones
 h - 101 arrows
 n - 3 boomerangs (quivered)
 q - 6 bolts
 A - a throwing net
Armour
 b - a +0 leather armour (worn)
 j - a +1 cloak (worn)
 s - a +2 helmet of intelligence (worn)
 x - a +0 pair of boots (worn)
Jewellery
 E - an amulet of faith
Scrolls
 c - a scroll of blinking
 f - 2 scrolls of noise {unknown}
 g - 2 scrolls of magic mapping {unknown}
 i - 2 scrolls of immolation {unknown}
 o - 2 scrolls of teleportation {unknown}
 v - a scroll of vulnerability {unknown}
 w - a scroll of fog {unknown}
 y - 3 scrolls of identify {unknown}
 G - a scroll of enchant armour {unknown}
Potions
 k - a potion of attraction {unknown}
 l - a potion of haste
 m - 2 potions of heal wounds {unknown}
 p - 2 potions of lignification {unknown}
 z - a potion of mutation {unknown}
 B - a potion of ambrosia {unknown}
 C - a potion of flight {unknown}
 D - a potion of curing {unknown}


   Skills:
 + Level 5.7 Fighting
 + Level 3.3 Short Blades
 + Level 3.3 Long Blades
 + Level 3.3 Axes
 + Level 3.3 Maces & Flails
 + Level 5.7 Polearms
 + Level 3.3 Staves
 + Level 3.3 Slings
 + Level 3.3 Bows
 + Level 3.3 Crossbows
 + Level 4.2 Throwing
 + Level 4.2 Armour
 + Level 5.7 Dodging
 + Level 3.3 Stealth
 + Level 3.3 Shields
 + Level 3.3 Unarmed Combat
 + Level 6.0 Spellcasting
 + Level 2.7 Conjurations
 + Level 2.7 Hexes
 + Level 2.7 Summonings
 + Level 2.7 Necromancy
 + Level 6.1 Translocations
 + Level 2.7 Transmutations
 + Level 2.7 Fire Magic
 + Level 2.7 Ice Magic
 + Level 2.7 Air Magic
 + Level 2.7 Earth Magic
 + Level 2.7 Poison Magic
 + Level 3.6 Invocations
 + Level 3.3 Evocations


You had 17 spell levels left.
You knew the following spells:

 Your Spells              Type           Power      Damage    Failure   Level
a - Blink                 Tloc           46%        N/A       2%          2

Your spell library contained the following spells:

 Spells                   Type           Power      Damage    Failure   Level
 Gell's Gravitas          Tloc           23%        N/A       4%          3
 Lesser Beckoning         Tloc           23%        N/A       4%          3
 Teleport Other           Tloc           23%        N/A       4%          3
 Sandblast                Erth           24%        2d8       6%          1
 Sting                    Tmut/Pois      48%        1d5       6%          1
 Passwall                 Tmut/Erth      10%        N/A       10%         2
 Poisonous Vapours        Pois/Air       24%        N/A       10%         2
 Stone Arrow              Conj/Erth      24%        3d8       19%         3
 Manifold Assault         Tloc           23%        N/A       38%         5
 Olgreb's Toxic Radiance  Pois           12%        N/A       52%         4


Dungeon Overview and Level Annotations

Branches:
Dungeon (5/15)
 Temple: D:4-7

Altars:
Fedhas


Innate Abilities, Weirdness & Mutations

You have very sharp teeth.
Your uncanny sense of smell can sniff out nearby items.
Your experience applies equally to all skills.


Message History

You kill the gnoll!
Things that are here:
a +0 spear; a gnoll corpse
Items here: ))) †††.
Items here: ))) †††.
Okay, then.
You start resting.
HP restored.
Things that are here:
a +0 spear; a gnoll corpse
y - 3 scrolls labelled LAROED HELA (gained 1)
Found a hunting sling.
e - 124 stones (gained 14)
You now have 169 gold pieces (gained 18).
Found a short sword.
A wyvern zombie comes into view.
Found a stone staircase leading down.
The wyvern zombie bites you!
The wyvern zombie bites you but does no damage.
You hit the wyvern zombie. Your bite misses the wyvern zombie.
The wyvern zombie is lightly damaged.
The wyvern zombie misses you.
You sock the wyvern zombie!
The wyvern zombie seems to grow stronger.
The wyvern zombie is heavily damaged.
The wyvern zombie barely misses you. The wyvern zombie bites you!
You hit the wyvern zombie.
The wyvern zombie flickers and vanishes!
Deactivating autopickup; reactivate with Ctrl-A.
Something bites you.
No target in view!
No target in view!
No target in view!
You sock something! You bite something. Something bites you!
Something bites you!!
* * * LOW HITPOINT WARNING * * *
You hit something but do no damage. Something bites you but does no damage.
Unknown command.
You hit something. You burn something. Something bites you!!
You die...

...........##.###..##.#
######.######.# #..##.# #.#
#.###..##.##### #.#
#.............####### #.#
##.########.#...... ### #.# #.#
#.#.##### ..# #.# #># #.#.#####
#.# #.# #{# #........ #.# #.# #@#
###.####. #.## #.# #.# #.# #.
...###.# #.# #.####. .#.....# #.#
#...... ...#############.#
########. #.#######........####
##........
#...................####...######
#########.#####..............#
#.# ##.##.####...#.#


There were no monsters in sight!

Vanquished Creatures
  A wyvern (D:4)
  A sky beast (D:5)
  A necrophage (D:4)
  3 ogres (D:5)
  A scorpion (D:3)
  A hound (D:4)
  Crazy Yiuf (D:2)
  A gnoll shaman (D:4)
  2 orc priests
  A jelly (D:4)
  Jessica (D:2)
  4 orc wizards
  A hound skeleton (D:5)
  A howler monkey zombie (D:4)
  Robin (D:2)
  7 gnolls
  10 adders
  An adder skeleton (D:4)
  2 worms
  2 dart slugs
  12 orcs
  A ball python (D:1)
  6 endoplasms
  7 giant cockroaches
  9 goblins
  7 hobgoblins
  6 jackals
  2 quokkas (D:3)
  2 bats (D:2)
  5 frilled lizards
  4 kobolds
  6 rats
110 creatures vanquished.

Vanquished Creatures (others)
  A hobgoblin (D:1)
  A withered plant (D:1)
2 creatures vanquished.

Grand Total: 112 creatures vanquished

Notes
Turn   | Place    | Note
-------+----------+-------------------------------------------
     0 | D:1      | Ablot the Gnoll Warper began the quest for the Orb.
     0 | D:1      | Reached XP level 1. HP: 20/20 MP: 6/6
   131 | D:1      | Reached XP level 2. HP: 24/26 MP: 7/7
   134 | D:1      | Learned a level 2 spell: Blink
   353 | D:1      | Found a faded altar of an unknown god.
   686 | D:2      | Noticed Jessica
   712 | D:2      | Killed Jessica
   713 | D:2      | Reached skill level 5 in Spellcasting
   713 | D:2      | Reached skill level 1 in Invocations
   713 | D:2      | Reached XP level 3. HP: 20/31 MP: 7/9
   919 | D:2      | Reached skill level 1 in Short Blades
   919 | D:2      | Reached skill level 1 in Long Blades
   919 | D:2      | Reached skill level 1 in Axes
   919 | D:2      | Reached skill level 1 in Maces & Flails
   919 | D:2      | Reached skill level 1 in Staves
   919 | D:2      | Reached skill level 1 in Slings
   919 | D:2      | Reached skill level 1 in Bows
   919 | D:2      | Reached skill level 1 in Crossbows
   919 | D:2      | Reached skill level 1 in Stealth
   919 | D:2      | Reached skill level 1 in Shields
   919 | D:2      | Reached skill level 1 in Unarmed Combat
   919 | D:2      | Reached skill level 1 in Evocations
   919 | D:2      | Reached XP level 4. HP: 38/38 MP: 11/11
  1690 | D:2      | Noticed Robin
  1710 | D:2      | Killed Robin
  1711 | D:2      | Reached skill level 1 in Conjurations
  1711 | D:2      | Reached skill level 1 in Hexes
  1711 | D:2      | Reached skill level 1 in Summonings
  1711 | D:2      | Reached skill level 1 in Necromancy
  1711 | D:2      | Reached skill level 1 in Transmutations
  1711 | D:2      | Reached skill level 1 in Fire Magic
  1711 | D:2      | Reached skill level 1 in Ice Magic
  1711 | D:2      | Reached skill level 1 in Air Magic
  1711 | D:2      | Reached skill level 1 in Earth Magic
  1711 | D:2      | Reached skill level 1 in Poison Magic
  1849 | D:2      | Reached XP level 5. HP: 38/43 MP: 12/12
  2048 | D:2      | Found a runed translucent door.
  2049 | D:2      | Noticed Crazy Yiuf
  2059 | D:2      | Killed Crazy Yiuf
  2306 | D:3      | Reached XP level 6. HP: 11/50 MP: 13/13
  3039 | D:3      | Reached skill level 5 in Fighting
  3039 | D:3      | Reached skill level 5 in Polearms
  3039 | D:3      | Reached skill level 5 in Dodging
  3305 | D:4      | Found a blossoming altar of Fedhas.
  3342 | D:4      | Noticed a necrophage
  3506 | D:4      | Killed a necrophage
  3507 | D:4      | Reached XP level 7. HP: 52/56 MP: 15/15
  4290 | D:4      | Noticed a wyvern
  4299 | D:4      | Killed a wyvern
  4632 | D:5      | Entered Level 5 of the Dungeon
  4833 | D:5      | Reached XP level 8. HP: 41/63 MP: 16/16
  5960 | D:5      | Mangled by a wyvern zombie

Illustrated notes

Levels and vault maps discovered:
D:1:      dpeg_arrival_erosion, layout_rooms,
          ebering_ecumenical_altar_petrified, lemuel_old_faithful
D:2:      layout_loops_corners, nicolae_concentric_dashed_squares_wild,
          minmay_tetromino_s2, uniq_jessica, uniq_robin, uniq_crazy_yiuf_cottage
D:3:      minmay_door_path, layout_loops_ring, ebering_dispersal_statue_hall,
          hex_large
D:4:      layout_basic, minmay_ruined_shrine
D:5:      layout_loops_ring

Skill      XL: |  1  2  3  4  5  6  7  8 |
---------------+-------------------------+-----
Spellcasting   | 5 6 |  6.0
Invocations    | 1 2 3 |  3.6
Short Blades   | 1 2 3 |  3.3
Long Blades    | 1 2 3 |  3.3
Axes           | 1 2 3 |  3.3
Maces & Flails | 1 2 3 |  3.3
Staves         | 1 2 3 |  3.3
Slings         | 1 2 3 |  3.3
Bows           | 1 2 3 |  3.3
Crossbows      | 1 2 3 |  3.3
Stealth        | 1 2 3 |  3.3
Shields        | 1 2 3 |  3.3
Unarmed Combat | 1 2 3 |  3.3
Evocations     | 1 2 3 |  3.3
Conjurations   | 1 2 |  2.7
Hexes          | 1 2 |  2.7
Summonings     | 1 2 |  2.7
Necromancy     | 1 2 |  2.7
Transmutations | 1 2 |  2.7
Fire Magic     | 1 2 |  2.7
Ice Magic      | 1 2 |  2.7
Air Magic      | 1 2 |  2.7
Earth Magic    | 1 2 |  2.7
Poison Magic   | 1 2 |  2.7
Throwing       | 3 4 |  4.2
Armour         | 3 4 |  4.2
Fighting       | 5 |  5.7
Polearms       | 5 |  5.7
Dodging        | 5 |  5.7
Translocations | 6 |  6.1

Action                   |  1- 3 |  4- 6 |  7- 9 || total
-------------------------+-------+-------+-------++-------
Melee: Spear             |   110 |    16 |       ||   126
       Bite              |     7 |    19 |    19 ||    45
       Punch             |     1 |     5 |       ||     6
       Dagger            |       |    53 |       ||    53
       Short sword       |       |    22 |       ||    22
       Quarterstaff      |       |    83 |   156 ||   239
 Stab: Sleeping          |       |     4 |     1 ||     5
       Petrifying        |       |       |     1 ||     1
Armor: Leather armour    |    30 |    47 |    47 ||   124
Dodge: Dodged            |    57 |    91 |   107 ||   255
